 Dungeon Crawl Stone Soup version 0.28-a0-1199-gef9e1dbd39 (webtiles) character file.

Game seed: 7066337794786982475

385 Gargoyl the Skirmisher (level 6, 0/53 HPs)
             Began as a Gnoll Abyssal Knight on Dec 19, 2021.
             Was a Believer of Lugonu.
             Slain by a wyvern (2 damage)
             ... on level 5 of the Dungeon.
             The game lasted 00:04:25 (3251 turns).

Gargoyl the Skirmisher (Gnoll Abyssal Knight)       Turns: 3251, Time: 00:04:26

Health: 0/53       AC: 12    Str: 15    XL:     6   Next: 77%
Magic:  9/9        EV:  5    Int:  9    God:    Lugonu [**....]
Gold:   144        SH: 13    Dex: 12    Spells: 9/9 levels left

rFire   . . .      SeeInvis .   a - +1 hand axe
rCold   . . .      Faith    .   c - +0 kite shield
rNeg    . . .      Spirit   .   d - +0 chain mail
rPois   .          Reflect  +   f - +0 helmet
rElec   .          Harm     .   (no cloak)
rCorr   .          Rampage  .   g - +0 pair of gloves
Will    .....                   (no boots)
Stlth   ..........              h - amulet of reflection
HPRegen 0.17/turn               (no ring)
MPRegen 0.11/turn               (no ring)

@: no status effects
A: fangs 1, strong nose, distributed training
a: Renounce Religion, Depart the Abyss, Bend Space


You were on level 5 of the Dungeon.
You worshipped Lugonu.
Lugonu was pleased with you.
You visited 1 branch of the dungeon, and saw 5 of its levels.
You visited the Abyss 1 time.

You collected 144 gold pieces.

Inventory:

Hand Weapons
 a - a +1 hand axe (weapon)
Armour
 c - a +0 kite shield (worn)
 d - a +0 chain mail (worn)
 f - a +0 helmet (worn)
 g - a +0 pair of gloves (worn)
Jewellery
 h - an amulet of reflection (around neck)
Scrolls
 e - 3 scrolls of identify


   Skills:
 + Level 6.9 Fighting
 + Level 2.1 Short Blades
 + Level 2.1 Long Blades
 + Level 5.0 Axes
 + Level 2.1 Maces & Flails
 + Level 2.1 Polearms
 + Level 2.1 Staves
 + Level 2.1 Slings
 + Level 2.1 Bows
 + Level 2.1 Crossbows
 + Level 2.1 Throwing
 + Level 5.0 Armour
 + Level 3.3 Dodging
 + Level 2.1 Stealth
 + Level 2.1 Shields
 + Level 2.1 Unarmed Combat
 + Level 2.1 Spellcasting
 + Level 1.6 Conjurations
 + Level 1.6 Hexes
 + Level 1.6 Summonings
 + Level 1.6 Necromancy
 + Level 1.6 Translocations
 + Level 1.6 Transmutations
 + Level 1.6 Fire Magic
 + Level 1.6 Ice Magic
 + Level 1.6 Air Magic
 + Level 1.6 Earth Magic
 + Level 1.6 Poison Magic
 + Level 5.1 Invocations
 + Level 2.1 Evocations


You had 9 spell levels left.
You didn't know any spells.
Your spell library contained the following spells:

 Spells                   Type           Power      Damage    Failure   Level
 Fireball                 Conj/Fire      1%         3d3       100%        5
 Iskenderun's Battlesphe  Conj           3%         2d6       100%        5
 Conjure Ball Lightning   Conj/Air       1%         3x3d6     100%        6
 Orb of Destruction       Conj           1%         N/A       100%        7


Dungeon Overview and Level Annotations

Branches:
Dungeon (5/15)
 Temple: D:4-7

Altars:
Dithmenos

Shops:
D:2 =

Annotations:
D:2 Grinder


Innate Abilities, Weirdness & Mutations

You have very sharp teeth.
Your uncanny sense of smell can sniff out nearby items.
Your experience applies equally to all skills.


Message History

You hit the wyvern.
The wyvern is lightly wounded.
The wyvern bites you but does no damage.
The wyvern bites you.
You barely miss the wyvern.
The wyvern is lightly wounded.
The wyvern hisses menacingly.
The wyvern bites you. You block the wyvern's attack.
You slash the wyvern!
The wyvern is moderately wounded.
The wyvern bites you. The wyvern closely misses you.
You hit the wyvern.
The wyvern is heavily wounded.
You block the wyvern's attack.
The wyvern bites you but does no damage.
You hit the wyvern but do no damage. You bite the wyvern.
The wyvern is heavily wounded.
The wyvern bites you!
* * * LOW HITPOINT WARNING * * *
The wyvern bites you but does no damage.
You hit the wyvern.
The wyvern is severely wounded.
The wyvern barely misses you. You block the wyvern's attack.
You closely miss the wyvern.
The wyvern is severely wounded.
The wyvern bites you but does no damage.
You block the wyvern's attack.
You closely miss the wyvern.
The wyvern is severely wounded.
You block the wyvern's attack. The wyvern closely misses you.
You feel better. The wyvern bites you!
* * * LOW HITPOINT WARNING * * *
Unknown command.
You barely miss the wyvern.
The wyvern is severely wounded.
You block the wyvern's attack. x2
You hit the wyvern.
The wyvern is severely wounded.
The wyvern bites you.
You die...

####
..#
#l#
#@#
#†#
...
(#.##
#.#.#
. ..#
##∆###


You could see a wyvern.

Vanquished Creatures
  Sigmund (D:2)
  2 orc wizards (D:3)
  Terence (D:2)
  Robin (D:3)
  3 gnolls (D:3)
  3 adders
  An ufetubus (D:3)
  A dart slug (D:2)
  6 orcs (D:3)
  4 endoplasms
  3 giant cockroaches (D:2)
  13 goblins
  7 hobgoblins
  2 jackals
  5 kobolds
  3 quokkas
  4 ball pythons
  2 bats (D:2)
  3 frilled lizards
  3 rats
68 creatures vanquished.

Vanquished Creatures (others)
  A plant (D:4)
1 creature vanquished.

Grand Total: 69 creatures vanquished

Notes
Turn   | Place    | Note
-------+----------+-------------------------------------------
     0 | Abyss:1  | Gargoyl the Gnoll Abyssal Knight began the quest for the
                  | Orb.
     0 | Abyss:1  | Reached XP level 1. HP: 23/23 MP: 3/3
   120 | Abyss:1  | Noticed a sixfirhy
   121 | Abyss:1  | Noticed an ancient zyme
   127 | D:1      | Escaped the Abyss
   189 | D:1      | Reached * piety under Lugonu
   197 | D:1      | Reached XP level 2. HP: 8/29 MP: 5/5
   826 | D:2      | Found Pagry's Jewellery Emporium.
   829 | D:2      | Found a shadowy altar of Dithmenos.
   902 | D:2      | Found a faded altar of an unknown god.
  1058 | D:2      | Noticed Sigmund
  1062 | D:2      | Noticed Terence
  1095 | D:2      | Killed Sigmund
  1096 | D:2      | Reached skill level 1 in Short Blades
  1096 | D:2      | Reached skill level 1 in Long Blades
  1096 | D:2      | Reached skill level 1 in Maces & Flails
  1096 | D:2      | Reached skill level 1 in Polearms
  1096 | D:2      | Reached skill level 1 in Staves
  1096 | D:2      | Reached skill level 1 in Slings
  1096 | D:2      | Reached skill level 1 in Bows
  1096 | D:2      | Reached skill level 1 in Crossbows
  1096 | D:2      | Reached skill level 1 in Throwing
  1096 | D:2      | Reached skill level 1 in Stealth
  1096 | D:2      | Reached skill level 1 in Shields
  1096 | D:2      | Reached skill level 1 in Unarmed Combat
  1096 | D:2      | Reached skill level 1 in Spellcasting
  1096 | D:2      | Reached skill level 1 in Conjurations
  1096 | D:2      | Reached skill level 1 in Hexes
  1096 | D:2      | Reached skill level 1 in Summonings
  1096 | D:2      | Reached skill level 1 in Necromancy
  1096 | D:2      | Reached skill level 1 in Translocations
  1096 | D:2      | Reached skill level 1 in Transmutations
  1096 | D:2      | Reached skill level 1 in Fire Magic
  1096 | D:2      | Reached skill level 1 in Ice Magic
  1096 | D:2      | Reached skill level 1 in Air Magic
  1096 | D:2      | Reached skill level 1 in Earth Magic
  1096 | D:2      | Reached skill level 1 in Poison Magic
  1096 | D:2      | Reached skill level 1 in Evocations
  1096 | D:2      | Reached XP level 3. HP: 3/35 MP: 6/6
  1096 | D:2      | Reached XP level 4. HP: 3/41 MP: 7/7
  1096 | D:2      | Reached XP level 5. HP: 4/47 MP: 8/8
  1586 | D:2      | HP: 2/47 [Terence (1)]
  1587 | D:2      | Killed Terence
  1588 | D:2      | Reached skill level 5 in Invocations
  1975 | D:2      | Reached XP level 6. HP: 52/53 MP: 9/9
  2231 | D:3      | Noticed Grinder
  2476 | D:2      | You fall into a shaft and drop 1 floor!
  2501 | D:3      | Noticed Robin
  2536 | D:3      | Killed Robin
  2550 | D:3      | Reached skill level 5 in Axes
  2550 | D:3      | Reached skill level 5 in Armour
  2784 | D:3      | Reached ** piety under Lugonu
  3198 | D:3      | You fall into a shaft and drop 1 floor!
  3207 | D:4      | Noticed a wyvern
  3207 | D:4      | Noticed a necrophage
  3228 | D:5      | Entered Level 5 of the Dungeon
  3249 | D:5      | HP: 1/53 [wyvern (12)]
  3251 | D:5      | Slain by a wyvern

Illustrated notes

Levels and vault maps discovered:
D:1:      minmay_arrival_open_corners, layout_basic
D:2:      layout_loops_ring, basic_ecumenical_altar, basic_altar, serial_shops,
          nicolae_shop_trees, grunt_ministairs_6, uniq_sigmund, uniq_terence
D:3:      layout_basic, mainiacjoe_overflow_brackets, minmay_misc_feat_room,
          uniq_robin, uniq_grinder
D:4:      cheibrodos_old_hovel, layout_cave_pools, minmay_manual_moon
D:5:      kennysheep_kobold_camp, layout_loops_corners,
          mainiacjoe_overflow_boulevard, minmay_temple_entry_nine_rooms,
          serial_shops, nicolae_shop_temple_entry_statues_fountains,
          hangedman_decor_slide_cut

Skill      XL: |  1  2  3  4  5  6 |
---------------+-------------------+-----
Short Blades   | 1 2 |  2.1
Long Blades    | 1 2 |  2.1
Maces & Flails | 1 2 |  2.1
Polearms       | 1 2 |  2.1
Staves         | 1 2 |  2.1
Slings         | 1 2 |  2.1
Bows           | 1 2 |  2.1
Crossbows      | 1 2 |  2.1
Throwing       | 1 2 |  2.1
Dodging        | 3 |  3.3
Stealth        | 1 2 |  2.1
Shields        | 1 2 |  2.1
Unarmed Combat | 1 2 |  2.1
Spellcasting   | 1 2 |  2.1
Conjurations   | 1 |  1.6
Hexes          | 1 |  1.6
Summonings     | 1 |  1.6
Necromancy     | 1 |  1.6
Translocations | 1 |  1.6
Transmutations | 1 |  1.6
Fire Magic     | 1 |  1.6
Ice Magic      | 1 |  1.6
Air Magic      | 1 |  1.6
Earth Magic    | 1 |  1.6
Poison Magic   | 1 |  1.6
Evocations     | 1 2 |  2.1
Invocations    | 5 |  5.1
Axes           | 5 |  5.0
Armour         | 5 |  5.0
Fighting       | |  6.9

Action                   |  1- 3 |  4- 6 || total
-------------------------+-------+-------++-------
Melee: Hand axe          |    58 |   177 ||   235
       Bite              |    11 |    18 ||    29
Invok: Depart the Abyss  |     1 |       ||     1
  Use: Potion            |     3 |     1 ||     4
       Scroll            |     2 |     5 ||     7
Armor: Chain mail        |    42 |   163 ||   205
Dodge: Dodged            |    14 |    45 ||    59
Block: Kite shield       |    17 |   159 ||   176
       Reflection        |       |     4 ||     4

Table legend: (Time is in decaauts)
 A = Elapsed time spent in this place.
 B = Non-inter-level travel time spent in this place.
 C = Inter-level travel time spent in this place.
 D = Time resting spent in this place.
 E = Time spent auto-exploring this place.
 F = Levels seen in this place.
 G = Mean time per level.
                   A        B        C        D        E       F      G
               +--------+--------+--------+--------+--------+-----+--------+
         Total |   3347 |   3316 |     31 |    786 |   1747 |   6 |  557.8 |
       Dungeon |   3205 |   3174 |     31 |    786 |   1671 |   5 |  641.0 |
         Abyss |    141 |    141 |      0 |      0 |     76 |   1 |  141.0 |
               +--------+--------+--------+--------+--------+-----+--------+

Top non-repeatable levels by time:
     D:2: 1595 daAuts
     D:1: 791 daAuts
     D:3: 760 daAuts
 Abyss:1: 141 daAuts
     D:4: 29 daAuts
     D:5: 29 daAuts
